 Dungeon Crawl Stone Soup version 0.31-a0-187-gba352fbbf7 (webtiles) character file.

Game seed: 4795837341318807296

1624 qw the Skirmisher (level 8, -1/46 HPs)
             Began as a Deep Elf Hunter on June 22, 2023.
             Succumbed to a hornet's poison
             ... on level 7 of the Dungeon.
             The game lasted 00:01:57 (4783 turns).

qw the Skirmisher (Deep Elf Hunter)                 Turns: 4783, Time: 00:01:58

Health: -1/46      AC: 12    Str: 10    XL:     8   Next: 65%
Magic:  10/10      EV: 12    Int: 15    God:
Gold:   353        SH:  0    Dex: 18    Spells: 7/7 levels left

rFire   . . .        Y - +1 orcbow
rCold   . . .        (shield currently unavailable)
rNeg    . . .        e - +1 ring mail
rPois   .            o - +0 helmet
rElec   .            (no cloak)
rCorr   .            r - +1 pair of gloves
SInv    .            g - +2 pair of boots
Will    .....        h - amulet of regeneration
Stlth   +            d - +4 ring of slaying {mikee}
HPRegen 1.07/turn    (no ring)
MPRegen 0.12/turn

%: no passive effects
@: lethally poisoned (-1 -> -6), slowed, very slow
A: no striking features
a: no special abilities


You were on level 7 of the Dungeon.
You visited 2 branches of the dungeon, and saw 8 of its levels.

You collected 353 gold pieces.


   Skills:
 - Level 3.0 Fighting
 + Level 13.8 Ranged Weapons
 - Level 1.2 Armour
 - Level 4.0 Dodging
 - Level 1.2 Stealth


You had 7 spell levels left.
You didn't know any spells.
Your spell library was empty.

Inventory:

Hand Weapons
 Y - a +1 orcbow (weapon)
Armour
 e - a +1 ring mail (worn)
 g - a +2 pair of boots (worn)
 o - a +0 helmet (worn)
 r - a +1 pair of gloves (worn)
Jewellery
 d - a +4 ring of slaying (left hand) {mikee}
 h - an amulet of regeneration (around neck)
Scrolls
 a - 2 scrolls of identify
 p - a scroll of teleportation {unknown}
Potions
 b - a potion of enlightenment
 c - 2 potions of curing
 f - 2 potions of cancellation
 i - 2 potions of attraction {unknown}
 j - a potion of heal wounds {unknown}
 k - a potion of berserk rage {unknown}
 l - 2 potions of might
 m - a potion of mutation {unknown}
 n - a potion of ambrosia {unknown}
 q - a potion of degeneration {unknown}

Dungeon Overview and Level Annotations

Branches:
Dungeon (7/15)             Temple (1/1) D:4

Altars:
Ashenzari
Dithmenos
Elyvilon
Gozag
Hepliaklqana
Kikubaaqudgha
Qazlal
Ru
Trog
Uskayaw
Vehumet
Wu Jian
Zin
The Shining One

Shops:
D:1 =

Annotations:
D:2 1 runed translucent door, Crazy Yiuf


Message History

You are poisoned.
You feel yourself slow down.
You shoot an arrow. The arrow barely misses the hornet.
You feel very sick. The hornet barely misses you.
The hornet stings you but does no damage.
You shoot an arrow. The arrow closely misses the hornet.
You feel very sick. The hornet closely misses you. The hornet stings you.
You are more poisoned.
You feel as though you will be slow longer.
You shoot an arrow. The arrow hits the hornet!
The hornet is moderately wounded.
You feel very sick. The hornet stings you!
You feel as though you will be slow longer.
The hornet stings you.
You feel as though you will be slow longer.
You shoot an arrow.
The arrow hits the hornet but does no damage.
The hornet is moderately wounded.
You feel very sick.
The hornet stings you but does no damage.
The hornet misses you.
You shoot an arrow. The arrow hits the hornet.
The hornet is heavily wounded.
You feel very sick. The hornet stings you!
You are more poisoned.
You feel as though you will be slow longer.
The hornet closely misses you.
You shoot an arrow. The arrow hits the hornet!
The hornet is almost dead.
You feel very sick.
The hornet stings you but does no damage.
The hornet stings you.
You feel as though you will be slow longer.
You shoot an arrow. The arrow hits the hornet!
You kill the hornet!
You die...

.# #. .. #. .. #.
.# #. .# #. .# ..
#.##%#!#
.(..##..@.).#
........#^###
....###.#.# .# >.
###.#.# .#
...#.#.....# .. #
..#.#.#.### .#
.#.# #.#.#.#.#
.##.#.###.#.....#
............#.###
#########


There were no monsters in sight!

Vanquished Creatures
  A hornet (D:7)
  2 black bears
  2 ice beasts
  A sky beast (D:7)
  A centaur (D:7)
  A gnoll sergeant (D:5)
  A howler monkey (D:4)
  5 electric eels (D:6)
  2 jellies
  3 sleepcaps
  2 hounds (D:5)
  4 orc priests
  7 iguanas
  3 orc wizards (D:5)
  5 gnolls (D:5)
  12 adders
  A shadow imp (D:5)
  2 dart slugs
  10 orcs
  5 bats
  3 endoplasms
  2 giant cockroaches
  4 goblins
  5 hobgoblins
  8 kobolds
  5 quokkas
  4 ball pythons
  2 frilled lizards
  4 rats
107 creatures vanquished.

Notes
Turn   | Place    | Note
-------+----------+-------------------------------------------
     0 | D:1      | qw the Deep Elf Hunter began the quest for the Orb.
     0 | D:1      | Reached XP level 1. HP: 12/12 MP: 3/3
     0 | D:1      | 0 ||| qw: Version: 0.3-a-9-g12657ce
     0 | D:1      | 0 ||| qw: Game counter: 1996
     0 | D:1      | 0 ||| qw: Always use a shield: true
     0 | D:1      | 0 ||| qw: God list: Okawaru
     0 | D:1      | 0 ||| qw: Allow faded altars: false
     0 | D:1      | 0 ||| qw: Do Orc after D:15 true
     0 | D:1      | 0 ||| qw: Do second Lair branch before Depths: true
     0 | D:1      | 0 ||| qw: Lair rune preference: random
     0 | D:1      | 0 ||| qw: Plans: Normal
     0 | D:1      | 0 ||| PLANNING D:1-11
    70 | D:1      | Found Reujeurph's Jewellery Boutique.
    74 | D:1      | 74 ||| SHOPLISTING +6 ring of dexterity (396 gold, have 8).
    74 | D:1      | 74 ||| SHOPLISTING amulet of faith (440 gold, have 8).
    74 | D:1      | 74 ||| SHOPLISTING amulet of regeneration (330 gold, have
                  | 8).
    74 | D:1      | 74 ||| SHOPLISTING ring "Bior" {EV+5 Str+3} (542 gold, have
                  | 8).
    74 | D:1      | 74 ||| SHOPLISTING ring "Cumikes" {Wiz Will+ SInv} (514
                  | gold, have 8).
    74 | D:1      | 74 ||| SHOPLISTING ring of ice (275 gold, have 8).
    74 | D:1      | 74 ||| SHOPLISTING ring of willpower (275 gold, have 8).
   717 | D:1      | Reached skill level 6 in Ranged Weapons
   717 | D:1      | Reached XP level 2. HP: 16/16 MP: 4/4
   888 | D:1      | 888 ||| READING scroll labelled QYENIMOINOE.
   889 | D:1      | 889 ||| READING scroll labelled INTIOVVANO.
   890 | D:1      | 890 ||| READING scroll labelled RUDO TOILAKH.
   891 | D:1      | 891 ||| READING scroll labelled IDOERCH CEAH.
   892 | D:1      | 892 ||| DRINKING 2 emerald potions.
   893 | D:1      | 893 ||| DROPPING scroll of butterflies.
   975 | D:2      | Reached XP level 3. HP: 11/20 MP: 5/5
   979 | D:2      | 979 ||| FLEEEEING.
   980 | D:2      | 980 ||| FLEEEEING.
   981 | D:2      | 981 ||| FLEEEEING.
   982 | D:2      | 982 ||| FLEEEEING.
   990 | D:2      | 990 ||| STAIRDANCE
  1029 | D:1      | 1029 ||| READING scroll labelled KOIRET TO OTIL.
  1030 | D:1      | 1030 ||| DRINKING 2 ruby potions.
  1055 | D:2      | 1055 ||| SWAPPING to +0 orcbow.
  1056 | D:2      | 1056 ||| DROPPING +1 shortbow.
  1175 | D:2      | Reached skill level 7 in Ranged Weapons
  1322 | D:2      | Found a runed translucent door.
  1323 | D:2      | Noticed Crazy Yiuf
  1392 | D:2      | Reached XP level 4. HP: 25/25 MP: 6/6
  1472 | D:2      | 1472 ||| UPGRADING to amulet of regeneration.
  1477 | D:2      | 1477 ||| UPGRADING to +4 ring of slaying {mikee}.
  1478 | D:2      | 1478 ||| READING 2 scrolls labelled KYTASA SITIBU.
  1820 | D:3      | 1820 ||| UPGRADING to +0 pair of boots.
  1825 | D:3      | 1825 ||| READING 2 scrolls of enchant armour.
  1825 | D:3      | 1825 ||| ENCHANTING +0 pair of boots.
  1826 | D:3      | 1826 ||| READING scroll of enchant armour.
  1826 | D:3      | 1826 ||| ENCHANTING +1 pair of boots.
  1827 | D:3      | 1827 ||| READING 2 scrolls of identify.
  1827 | D:3      | 1827 ||| IDENTIFYING blue potion
  1828 | D:3      | 1828 ||| DROPPING potion of brilliance.
  1865 | D:4      | 1865 ||| STAIRDANCE
  1877 | D:3      | 1877 ||| UPGRADING to +0 ring mail.
  1887 | D:3      | 1887 ||| DROPPING +0 leather armour.
  1906 | D:4      | Reached skill level 8 in Ranged Weapons
  1906 | D:4      | 1906 ||| FLEEEEING.
  1907 | D:4      | 1907 ||| FLEEEEING.
  1908 | D:4      | 1908 ||| FLEEEEING.
  1909 | D:4      | 1909 ||| FLEEEEING.
  1910 | D:4      | 1910 ||| FLEEEEING.
  1941 | D:4      | Noticed a shadow
  1942 | D:4      | Found a shadowy altar of Dithmenos.
  1989 | D:4      | Reached XP level 5. HP: 29/29 MP: 7/7
  2073 | D:4      | Found a staircase to the Ecumenical Temple.
  2074 | D:4      | 2074 ||| PLANNING TEMPLE
  2074 | D:4      | 2074 ||| READING scroll labelled TIANAI XICSAA.
  2075 | D:4      | 2075 ||| DRINKING 2 bubbling coppery potions.
  2079 | Temple   | Entered the Ecumenical Temple
  2259 | Temple   | 2259 ||| PLANNING D:1-11
  2379 | D:4      | Reached skill level 9 in Ranged Weapons
  2624 | D:4      | Reached XP level 6. HP: 35/35 MP: 8/8
  2723 | D:4      | Found a hazy altar of Hepliaklqana.
  2732 | D:4      | Reached skill level 10 in Ranged Weapons
  2792 | D:5      | Entered Level 5 of the Dungeon
  2820 | D:5      | Reached skill level 3 in Dodging
  2893 | D:5      | Reached skill level 1 in Armour
  2916 | D:5      | 2916 ||| READING scroll of enchant weapon.
  2916 | D:5      | 2916 ||| ENCHANTING +0 orcbow.
  2923 | D:5      | Reached XP level 7. HP: 40/40 MP: 9/9
  2941 | D:5      | 2941 ||| Stepping ~*~*~tactically~*~*~ (outnumbered).
  2944 | D:5      | 2944 ||| Stepping ~*~*~tactically~*~*~ (outnumbered).
  2972 | D:5      | 2972 ||| READING scroll of enchant armour.
  2972 | D:5      | 2972 ||| ENCHANTING +0 ring mail.
  3041 | D:5      | 3041 ||| Stepping ~*~*~tactically~*~*~ (outnumbered).
  3043 | D:5      | 3043 ||| FLEEEEING.
  3045 | D:5      | 3045 ||| FLEEEEING.
  3065 | D:5      | Reached skill level 11 in Ranged Weapons
  3217 | D:5      | 3217 ||| Stepping ~*~*~tactically~*~*~ (outnumbered).
  3232 | D:5      | HP: 6/40 [gnoll sergeant/+0 trident (13)]
  3399 | D:5      | Reached skill level 12 in Ranged Weapons
  3440 | D:5      | 3440 ||| UPGRADING to +0 helmet.
  3445 | D:5      | 3445 ||| DRINKING 2 green potions.
  3475 | D:5      | 3475 ||| DROPPING potion of lignification.
  3576 | D:6      | Reached skill level 3 in Fighting
  3576 | D:6      | Reached XP level 8. HP: 46/46 MP: 10/10
  3715 | D:6      | 3715 ||| FLEEEEING.
  3724 | D:6      | 3724 ||| STAIRDANCE
  3730 | D:5      | 3730 ||| UPGRADING to +0 pair of gloves.
  3735 | D:5      | 3735 ||| READING scroll labelled KAULUW QORE.
  3736 | D:5      | 3736 ||| READING 3 scrolls of identify.
  3736 | D:5      | 3736 ||| IDENTIFYING fuming emerald potion
  3737 | D:5      | 3737 ||| READING 2 scrolls of identify.
  3737 | D:5      | 3737 ||| IDENTIFYING bubbling white potion
  3738 | D:5      | 3738 ||| DROPPING potion of magic.
  3854 | D:6      | 3854 ||| FLEEEEING.
  3855 | D:6      | 3855 ||| FLEEEEING.
  3856 | D:6      | 3856 ||| FLEEEEING.
  3872 | D:6      | 3872 ||| FLEEEEING.
  3896 | D:6      | 3896 ||| FLEEEEING.
  3913 | D:6      | 3913 ||| FLEEEEING.
  3927 | D:6      | 3927 ||| FLEEEEING.
  3946 | D:6      | 3946 ||| FLEEEEING.
  3968 | D:6      | 3968 ||| FLEEEEING.
  3976 | D:6      | 3976 ||| FLEEEEING.
  3996 | D:6      | 3996 ||| FLEEEEING.
  4112 | D:6      | 4112 ||| READING scroll of enchant armour.
  4112 | D:6      | 4112 ||| ENCHANTING +0 pair of gloves.
  4485 | D:7      | Reached skill level 13 in Ranged Weapons
  4771 | D:7      | Noticed a hornet
  4781 | D:7      | HP: 11/46 [hornet (8)]
  4782 | D:7      | HP: 1/46 [hornet (6)]
  4783 | D:7      | Killed a hornet
  4783 | D:7      | Succumbed to a hornet's poison

Levels and vault maps discovered:
D:1:      wander_arrival_lonely_grave, layout_basic, serial_shops, shop
D:2:      layout_rooms, uniq_crazy_yiuf_cottage
D:3:      layout_rooms, hex_large
D:4:      layout_basic, riverfiend_overflow_shadow_ancestor,
          minmay_temple_entry_glassed_door, minmay_misc_feat_roman
D:5:      layout_loops_ring
D:6:      layout_loops_ring, serial_bayou, serial_bayou_pond_c,
          serial_bayou_pond_d, serial_bayou_lagoon_b, serial_bayou_ford_a
D:7:      layout_loops_cross, minitemple
Temple:   minmay_temple_bridge_abc

Skill      XL: |  1  2  3  4  5  6  7  8 |
---------------+-------------------------+-----
Ranged Weapons | 6 7 8 9 10 12 13 | 13.8
Fighting       | 2 3 |  3.0
Dodging        | 3 4 |  4.0
Armour         | 1 |  1.2
Stealth        | |  1.2

Action                     |  1- 3 |  4- 6 |  7- 9 || total
---------------------------+-------+-------+-------++-------
   Fire: Shortbow          |    52 |       |       ||    52
         Orcbow            |    35 |    95 |   152 ||   282
    Use: Scroll            |     5 |     6 |     5 ||    16
         Potion            |     2 |     1 |     1 ||     4
 Armour: Leather armour    |    12 |     6 |       ||    18
         Ring mail         |       |     3 |    26 ||    29
  Dodge: Dodged            |    16 |    19 |    31 ||    66

Table legend:
 A = Non-vault XP
 B = Vault XP
 C = Vault XP percentage of total XP
 D = Non-vault monster count
 E = Vault monster count
 F = Vault count percentage of total count
                 A         B        C        D         E       F
            +---------+---------+-------+---------+---------+-------
      Total |    2596 |       0 |   0.0 |     107 |       0 |   0.0
            +---------+---------+-------+---------+---------+-------
        D:1 |      14 |       0 |   0.0 |       9 |       0 |   0.0
        D:2 |      86 |       0 |   0.0 |      22 |       0 |   0.0
        D:3 |      29 |       0 |   0.0 |       9 |       0 |   0.0
        D:4 |     407 |       0 |   0.0 |      20 |       0 |   0.0
        D:5 |     724 |       0 |   0.0 |      28 |       0 |   0.0
        D:6 |     472 |       0 |   0.0 |      10 |       0 |   0.0
        D:7 |     864 |       0 |   0.0 |       9 |       0 |   0.0
            +---------+---------+-------+---------+---------+-------
